 Dungeon Crawl Stone Soup version 0.28.0-53-g5a82cb258f (webtiles) character file.

Game seed: 1561501835016214602

3216 EWolf27 the Grappler (level 9, -5/84 HPs)
             Began as a Troll Monk on July 7, 2022.
             Was a Believer of the Shining One.
             Slain by a six-headed hydra (11 damage)
             ... on level 7 of the Dungeon on July 8, 2022.
             The game lasted 00:22:40 (5484 turns).

EWolf27 the Grappler (Troll Monk)                   Turns: 5484, Time: 00:22:41

Health: -5/84      AC:  4    Str: 25    XL:     9   Next: 65%
Magic:  8/8        EV: 11    Int: 12    God:    the Shining One [**....]
Gold:   350        SH:  0    Dex: 12    Spells: 8/8 levels left

rFire   . . .      SeeInvis .   B - +5 dire flail (vorpal)
rCold   . . .      Faith    .   (shield currently unavailable)
rNeg    + . .      Spirit   .   a - +0 robe
rPois   .          Reflect  .   (helmet restricted)
rElec   .          Harm     .   (no cloak)
rCorr   .          Rampage  .   (gloves unavailable)
Will    .....                   (boots unavailable)
Stlth   +.........              (no amulet)
HPRegen 1.04/turn               y - +6 ring of intelligence
MPRegen 0.11/turn               (no ring)

@: glowing
A: large, unfitting armour, claws 3, regeneration 1, shaggy fur 1, tough skin 1
a: Renounce Religion, Divine Shield


You were on level 7 of the Dungeon.
You worshipped the Shining One.
The Shining One was pleased with you.
You visited 2 branches of the dungeon, and saw 8 of its levels.

You collected 350 gold pieces.

Inventory:

Hand Weapons
 f - a +2 dagger of venom
 u - a +0 giant spiked club
 B - a +5 vorpal dire flail (weapon)
Missiles
 j - 5 javelins (quivered)
Armour
 a - a +0 robe (worn)
Jewellery
 y - a +6 ring of intelligence (left claw)
Wands
 g - a wand of flame (30)
 A - a wand of polymorph (6)
Scrolls
 b - 3 scrolls of teleportation
 c - a scroll of identify
 h - a scroll of magic mapping {unknown}
 i - 2 scrolls of amnesia {unknown}
 k - a scroll of enchant weapon {unknown}
 l - a scroll of blinking {unknown}
 n - a scroll of noise {unknown}
 o - a scroll of fear {unknown}
 p - 2 scrolls of holy word {unknown}
 s - a scroll of immolation {unknown}
 x - a scroll of summoning {unknown}
Potions
 d - 2 potions of cancellation
 e - a potion of mutation {unknown}
 m - a potion of curing {unknown}
 q - 4 potions of heal wounds {unknown}
 r - 2 potions of haste
 t - a potion of resistance {unknown}
 v - a potion of might {unknown}
 w - a potion of ambrosia {unknown}
 z - 2 potions of flight {unknown}
 C - a potion of degeneration {unknown}


   Skills:
 + Level 4.1 Fighting
 + Level 1.4 Throwing
 - Level 6.0 Dodging
 - Level 1.0 Stealth
 + Level 11.5 Unarmed Combat


You had 8 spell levels left.
You didn't know any spells.
Your spell library contained the following spells:

 Spells                   Type           Power      Damage    Failure   Level
 Animate Skeleton         Necr           0%         N/A       32%         1
 Freeze                   Ice            0%         1d3       32%         1
 Magic Dart               Conj           0%         1d3       32%         1
 Pain                     Necr           0%         1d4       32%         1
 Scorch                   Fire           0%         2d5       45%         2
 Searing Ray              Conj           0%         2d4       45%         2
 Frozen Ramparts          Ice            0%         1d2       69%         3
 Ozocubu's Armour         Ice            0%         N/A       69%         3
 Vampiric Draining        Necr           0%         2d6       69%         3
 Flame Wave               Conj/Fire      0%         2d4       97%         4
 Fulminant Prism          Conj/Hex       0%         3d6       97%         4
 Hailstorm                Conj/Ice       0%         3d3       97%         4
 Petrify                  Tmut/Erth      0%         N/A       97%         4
 Metabolic Englaciation   Hex/Ice        0%         N/A       100%        5
 Statue Form              Tmut/Erth      0%         N/A       100%        6
 Summon Cactus Giant      Summ           0%         N/A       100%        6
 Ozocubu's Refrigeration  Ice            0%         4d5       100%        7


Dungeon Overview and Level Annotations

Branches:
Dungeon (7/15)             Temple (1/1) D:7

Altars:
Ashenzari
Cheibriados
Dithmenos
Elyvilon
Fedhas
Gozag
Hepliaklqana
Kikubaaqudgha
Makhleb
Nemelex Xobeh
Okawaru
Ru
Sif Muna
Trog
Uskayaw
Vehumet
Wu Jian
Xom
Yredelemnul
Zin
The Shining One

Shops:
D:4 (   D:5 (

Annotations:
D:7 1 runed translucent door, Crazy Yiuf


Innate Abilities, Weirdness & Mutations

You are too large for most types of armour.
You have claws for hands.
Your natural rate of healing is unusually fast.
You are covered in fur. (AC +1)
You have tough skin. (AC +1)


Message History

Level annotation: 1 runed translucent door, Crazy Yiuf Welcome back, EWolf27 the Troll Monk.
The Shining One says: Lead the forces of light to victory!
Press ? for a list of commands and other information.
You claw the howler monkey! Your claw misses the howler monkey.
The howler monkey is almost dead.
The howler monkey hits you but does no damage.
You claw the howler monkey!
You kill the howler monkey!
The unseen horror hits you but does no damage.
You mangle the unseen horror!!
You kill the unseen horror!
B - a +5 vorpal dire flail (weapon)
Throw: 6 javelins
Press: ? - help, Q - select action, (/) - cycle Shift-Dir - straight line, f - six-headed hydra
Aim: a six-headed hydra (haloed, 97% to hit)
You throw a javelin.
The javelin pierces through the six-headed hydra!
The six-headed hydra is lightly wounded.
You hit the six-headed hydra.
The six-headed hydra is lightly wounded.
The six-headed hydra bites you. The six-headed hydra bites you!
The six-headed hydra bites you. The six-headed hydra bites you! x2
The six-headed hydra closely misses you.
The six-headed hydra bites you. The six-headed hydra bites you! x2
* * * LOW HITPOINT WARNING * * *
The six-headed hydra misses you.
The six-headed hydra bites you but does no damage.
The six-headed hydra closely misses you.
There is a stone staircase leading up here.
The six-headed hydra bites you!
* * * LOW HITPOINT WARNING * * *
The six-headed hydra bites you but does no damage.
The six-headed hydra bites you!
* * * LOW HITPOINT WARNING * * *
The six-headed hydra bites you.
* * * LOW HITPOINT WARNING * * *
The six-headed hydra bites you but does no damage.
The six-headed hydra bites you!
You die...

...# #.# ### #..#
##########.####
..##..###.............####
..#..##..###.......#.....
#.#..##..# #..####...##.8 #.#.#
#..###..# ######.. #.'.#
#.>.....# #..8 #.#.###...###.#
#... . ##†#.....@.###.##### #..8
..## #..#..##.D.........####...
#..o..9.##.####E#####.......#.#.
####°#####.# #☼# #.......#...
.e.○○°..##.# #○#####.......####
..# #°..#.# #○............# .
##°E#.# #.#####.......# ##☼#)#
#.#####.......# #.†.#
#....##.......# #


You could see a six-headed hydra and a fire elemental (summoned).

Vanquished Creatures
  A two-headed ogre (D:7)
  An unseen horror (D:7)
  Prince Ribbit (D:6)
  Sigmund (D:4)
  Eustachio (D:6)
  Edmund (D:6)
  A water moccasin (D:6)
  2 sky beasts
  4 black bears
  2 necrophages
  An ice beast (D:6)
  An ogre (D:5)
  A centaur (D:5)
  A bullfrog (D:6)
  A scorpion (D:5)
  A water moccasin zombie (D:6)
  A water moccasin skeleton (D:5)
  A howler monkey (D:7)
  A jelly (D:6)
  A bullfrog skeleton (D:6)
  2 hounds (D:6)
  3 centaur skeletons
  Jessica (D:2)
  3 iguanas (D:6)
  A howler monkey skeleton (D:7)
  6 adders
  A white imp (D:6)
  An adder zombie (D:5)
  A worm (D:4)
  2 dart slugs
  11 orcs
  7 bats
  3 endoplasms (D:1)
  4 giant cockroaches
  7 goblins
  5 hobgoblins
  2 kobolds
  3 quokkas
  8 ball pythons
  4 frilled lizards
  9 rats
109 creatures vanquished.

Vanquished Creatures (others)
  5 plants
5 creatures vanquished.

Grand Total: 114 creatures vanquished

Notes
Turn   | Place    | Note
-------+----------+-------------------------------------------
     0 | D:1      | EWolf27 the Troll Monk began the quest for the Orb.
     0 | D:1      | Reached XP level 1. HP: 22/22 MP: 0/0
   120 | D:1      | Reached XP level 2. HP: 29/29 MP: 1/1
  1115 | D:2      | Noticed Jessica
  1118 | D:2      | Killed Jessica
  1119 | D:2      | Reached XP level 3. HP: 36/36 MP: 2/2
  1249 | D:2      | Found a faded altar of an unknown god.
  1290 | D:2      | Reached XP level 4. HP: 29/44 MP: 3/3
  1682 | D:3      | Reached skill level 4 in Unarmed Combat
  2077 | D:4      | Noticed Sigmund
  2399 | D:4      | Noticed a black bear
  2404 | D:4      | Killed a black bear
  2405 | D:4      | Reached XP level 5. HP: 49/53 MP: 4/4
  2496 | D:4      | Found Amnean's Antique Weapon Emporium.
  2509 | D:4      | Killed Sigmund
  2510 | D:4      | Reached skill level 5 in Unarmed Combat
  2510 | D:4      | Reached XP level 6. HP: 48/61 MP: 5/5
  2918 | D:5      | Entered Level 5 of the Dungeon
  2976 | D:5      | Reached skill level 6 in Unarmed Combat
  3022 | D:5      | Reached XP level 7. HP: 61/67 MP: 6/6
  3135 | D:5      | Found Yheann's Weapon Emporium.
  3152 | D:5      | Reached skill level 7 in Unarmed Combat
  3539 | D:6      | Reached XP level 8. HP: 61/75 MP: 7/7
  3585 | D:6      | Reached skill level 8 in Unarmed Combat
  3753 | D:6      | Noticed Prince Ribbit
  3779 | D:6      | Killed Prince Ribbit
  3866 | D:6      | Reached skill level 9 in Unarmed Combat
  3882 | D:6      | Noticed Eustachio
  3898 | D:6      | Killed Eustachio
  3899 | D:6      | Reached skill level 5 in Dodging
  4064 | D:6      | Noticed Edmund
  4128 | D:6      | Killed Edmund
  4129 | D:6      | Reached skill level 1 in Throwing
  4129 | D:6      | Reached skill level 10 in Unarmed Combat
  4129 | D:6      | Reached XP level 9. HP: 68/84 MP: 8/8
  4603 | D:7      | Noticed a gargoyle
  4979 | D:7      | Found a staircase to the Ecumenical Temple.
  4989 | Temple   | Entered the Ecumenical Temple
  5297 | Temple   | Became a worshipper of the Shining One
  5297 | Temple   | Reached * piety under the Shining One
  5297 | Temple   | Reached ** piety under the Shining One
  5380 | D:7      | Found a runed translucent door.
  5381 | D:7      | Noticed Crazy Yiuf
  5435 | D:7      | Noticed a two-headed ogre
  5446 | D:7      | Killed a two-headed ogre
  5447 | D:7      | Reached skill level 11 in Unarmed Combat
  5452 | D:7      | Noticed a deep elf pyromancer
  5453 | D:7      | Noticed an unseen horror
  5457 | D:7      | Noticed a six-headed hydra
  5465 | D:7      | Killed an unseen horror
  5484 | D:7      | Slain by a six-headed hydra

Illustrated notes

Levels and vault maps discovered:
D:1:      dpeg_arrival_pits, layout_basic, minmay_pentomino_s2
D:2:      layout_loops_ring, shapermc_ecumenical_altar_mp_urbaneastern,
          uniq_jessica
D:3:      layout_rooms, st_stairs_2, wad_floor_pattern_2
D:4:      black_bear_nest_1, layout_rooms, serial_shops,
          nicolae_shop_window_shopping, serial_forest, infiniplex_forest_end_2,
          infiniplex_forest_clump_double, infiniplex_forest_clump_cross,
          infiniplex_forest_straight_2, infiniplex_forest_join,
          infiniplex_forest_end_2, nrook_loot_triangle,
          kennysheep_generic_room_12, uniq_sigmund
D:5:      layout_cave_pools, serial_shops, nicolae_square_shop,
          kennysheep_doodads, bh_walls_and_bars
D:6:      layout_basic, uniq_prince_ribbit1, uniq_eustachio, uniq_edmund
D:7:      layout_loops_cross, minmay_temple_entry_statues_fountains,
          minmay_misc_feat_five, minmay_tree_intersection,
          minmay_misc_feat_ornament, minmay_the_grid_2x2
          [minmay_the_grid_aliased_spiral, minmay_the_grid_minigrid_small_alt,
          minmay_the_grid_medium_cups, minmay_the_grid_prize_inner_circle],
          uniq_crazy_yiuf_cottage
Temple:   mainiacjoe_temple_circle_huts

Skill      XL: |  1  2  3  4  5  6  7  8  9 |
---------------+----------------------------+-----
Dodging        | 3 4 5 6 |  6.0
Unarmed Combat | 4 5 6 7 10 11 | 11.5
Fighting       | 3 4 |  4.1
Throwing       | 1 |  1.4
Stealth        | |  1.0

Action                   |  1- 3 |  4- 6 |  7- 9 || total
-------------------------+-------+-------+-------++-------
Melee: Unarmed           |    72 |   115 |   140 ||   327
       Punch             |     1 |     3 |    11 ||    15
       Dire flail        |       |       |     1 ||     1
Throw: Javelin           |       |     1 |     3 ||     4
  Use: Scroll            |       |       |     3 ||     3
 Stab: Sleeping          |     6 |       |     2 ||     8
Armor: Robe              |    26 |    29 |    36 ||    91
Dodge: Dodged            |    35 |    56 |    80 ||   171
